 Dungeon Crawl Stone Soup version 0.23-a0-164-g7711e572f3 (webtiles) character file.

28714 Jesh the Unseen (level 13, -7/65 HPs)
             Began as a Spriggan Enchanter on Sept 10, 2018.
             Was the Champion of Dithmenos.
             Mangled by a five-headed hydra (13 damage)
             ... on level 14 of the Dungeon.
             The game lasted 00:43:47 (17060 turns).

Jesh the Unseen (Spriggan Enchanter)               Turns: 17060, Time: 00:43:48

Health: -7/65      AC:  7    Str:  7    XL:     13   Next: 11%
Magic:  2/28       EV: 28    Int: 17    God:    Dithmenos [******]
Gold:   246        SH:  0    Dex: 18    Spells: 16/33 levels left

rFire    + + .     SeeInvis +   a - +11 short sword of True Grit {chaos, *Slow rN+ SInv}
rCold    . . .     Gourm    .   (shield restricted)
rNeg     + . .     Faith    .   h - +1 robe {rF+}
rPois    .         Spirit   .   c - +2 hat
rElec    .         Reflect  .   t - +1 cloak
rCorr    +         Harm     .   (gloves unavailable)
MR       ++...                  (boots unavailable)
Stlth    ++++++++++             (no amulet)
HPRegen  0.20/turn              j - ring of protection from fire
MPRegen  0.21/turn              u - ring of resist corrosion

@: very slightly contaminated, slowed, wreathed by umbra, invisible, quick
A: very small, unfitting armour, see invisible, herbivore, speed 3, slow
metabolism 2
a: Shadow Step, Shadow Form, Renounce Religion


You were on level 14 of the Dungeon.
You worshipped Dithmenos.
Dithmenos was exalted by your worship.
You were not hungry.

You visited 2 branches of the dungeon, and saw 15 of its levels.

You collected 716 gold pieces.
You spent 470 gold pieces at shops.

Inventory:

Hand Weapons
 a - the +11 short sword of True Grit (weapon) {chaos, *Slow rN+ SInv}
   (You acquired it on level 13 of the Dungeon)

   Each time it hits an enemy it has a different, random effect.
   It protects you from negative energy.
   It lets you see invisible.
   It may slow you when you take damage.
 s - a +0 rapier
 E - a +0 short sword of holy wrath
Armour
 c - a +2 hat (worn)
 h - a +1 robe of fire resistance (worn)
 t - a +1 cloak (worn)
Jewellery
 e - an uncursed ring of magical power
 j - a ring of protection from fire (left hand)
 u - a ring of resist corrosion (right hand)
Wands
 p - a wand of enslavement (17)
 w - a wand of random effects (30)
 B - a wand of polymorph (15)
 D - a wand of scattershot (4)
Scrolls
 g - 5 scrolls of remove curse
 i - 3 scrolls of amnesia
 l - a scroll of magic mapping
 m - 4 scrolls of teleportation
 y - a scroll of blinking
 A - a scroll of fog
 C - 4 scrolls of identify
Potions
 b - a potion of resistance
 f - 6 potions of curing
 k - 3 potions of brilliance
 n - 2 potions of ambrosia
 o - a potion of cancellation
 q - 2 potions of agility
 r - a potion of lignification
 v - a potion of invisibility
 x - a potion of heal wounds
 z - a potion of flight
Comestibles
 d - 20 rations


   Skills:
 + Level 6.3 Fighting
 + Level 8.8 Short Blades
 + Level 11.4 Dodging
 + Level 18.2 Stealth
 + Level 10.7 Spellcasting
 + Level 11.0 Hexes
 + Level 3.5 Summonings


You had 16 spell levels left.
You knew the following spells:

 Your Spells              Type           Power        Failure   Level  Hunger
a - Ensorcelled Hibernat  Hex/Ice        ####..       1%          2    None
b - Corona                Hex            #####..      1%          1    None
c - Confuse               Hex            #####...     1%          3    None
d - Tukima's Dance        Hex            #####...     1%          3    None
e - Dazzling Spray        Conj/Hex       ####..       2%          3    None
f - Summon Mana Viper     Hex/Summ       ####....     11%         5    #####..

Your spell library contained the following spells:

 Spells                   Type           Power        Failure   Level  Hunger
 Confusing Touch          Hex            #####.       1%          1    None
 Summon Small Mammal      Summ           ###.         1%          1    None
 Animate Skeleton         Necr           N/A          8%          1    None
 Apportation              Tloc           #.....       8%          1    None
 Pain                     Necr           #...         8%          1    None
 Shock                    Conj/Air       #...         8%          1    None
 Swiftness                Chrm/Air       #.......     12%         2    None
 Recall                   Summ/Tloc      N/A          12%         3    None
 Regeneration             Chrm/Necr      #.........   24%         3    None
 Static Discharge         Conj/Air       #.......     24%         3    None
 Vampiric Draining        Necr           #.........   24%         3    None
 Aura of Abjuration       Summ           ###.......   45%         5    #####..
 Summon Demon             Summ           ###.......   45%         5    #####..
 Airstrike                Air            #.........   61%         4    ###....
 Animate Dead             Necr           N/A          61%         4    ###....
 Summon Forest            Summ/Tloc      ###.......   71%         5    #####..
 Lightning Bolt           Conj/Air       #.........   91%         5    #####..
 Shadow Creatures         Summ           N/A          96%         6    ######.


Dungeon Overview and Level Annotations

Branches:
Dungeon (14/15)            Temple (1/1) D:4            Lair (0/6) D:9
    Orc (0/2) D:9          Vaults (0/5) D:13

Altars:
Ashenzari
Cheibriados
Dithmenos
Elyvilon
Fedhas
Gozag
Hepliaklqana
Kikubaaqudgha
Makhleb
Nemelex Xobeh
Okawaru
Qazlal
Ru
Sif Muna
Trog
Uskayaw
Vehumet
Wu Jian
Xom
Yredelemnul
Zin
The Shining One

Shops:
D:4 }   D:7 }   D:9 !*   D:14 [:=


Innate Abilities, Weirdness & Mutations

You are very small and have problems with some larger weapons.
You are too small for most types of armour.
You have supernaturally acute eyesight. (SInv)
You are a herbivore.
You cover ground extremely quickly.
You need to consume almost no food.


Message History

The five-headed hydra misses you.
The five-headed hydra completely misses you.
The five-headed hydra misses you.
A water elemental comes into view.
You hit the five-headed hydra.
The five-headed hydra is almost dead.
The five-headed hydra misses you. The five-headed hydra bites you.
* * * LOW HITPOINT WARNING * * *
The five-headed hydra barely misses you.
The five-headed hydra closely misses you.
The five-headed hydra completely misses you.
You puncture the five-headed hydra! You burn the five-headed hydra.
The five-headed hydra is almost dead.
Your shadow hits the five-headed hydra but does no damage.
The five-headed hydra bites you.
* * * LOW HITPOINT WARNING * * *
The five-headed hydra completely misses you.
The five-headed hydra barely misses you.
The five-headed hydra misses you. The five-headed hydra bites you!
You die...

#p. #:.≈♣ ♣
#..≈♣ ≈♣
#p.≈♣ ≈≈♣
#.≈≈ ≈≈≈E
#..; ≈..≈
#..##..#
#.@Dp#
#§#### #§#
#§#########.
#..§..(.....
###.########
#.# #.# #.#


You could see a five-headed hydra, a water elemental (wandering) and 3 neutral
humans.

Vanquished Creatures
  Gastronok (D:8)
  Kirke (D:14)
  Erolcha (D:13)
  A catoblepas (D:13)
  5 two-headed ogres
  An ogre mage (D:13)
  A tengu warrior (D:13)
  2 unseen horrors
  A glowing orange brain (D:14)
  Pikel (D:5)
  An orc knight (D:12)
  2 deep elf magi (D:12)
  A manticore (D:11)
  An ugly thing (D:11)
  An orc sorcerer (D:12)
  A cyclops (D:13)
  2 centaur zombies
  A gargoyle (D:12)
  A queen bee (D:8)
  4 trolls
  A hornet (D:8)
  10 slime creatures
  3 hippogriffs
  Sigmund (D:2)
  3 yaks (D:10)
  2 wyverns
  2 basilisks
  2 hogs (D:14)
  3 vampire mosquitoes (D:13)
  A hungry ghost (D:10)
  A soldier ant (D:11)
  A water moccasin (D:9)
  7 orc warriors
  2 black bears
  2 phantoms
  A necrophage (D:6)
  An ice beast (D:5)
  6 sky beasts
  9 ogres
  9 centaurs
  A crocodile (D:10)
  2 big kobolds
  9 bullfrogs
  A gnoll sergeant (D:13)
  7 scorpions
  10 wights
  31 killer bees
  2 howler monkeys
  3 crimson imps
  A bullfrog zombie (D:6)
  4 centaur skeletons
  4 hounds
  10 orc priests
  5 jellies
  18 orc wizards
  3 bullfrog skeletons
  6 iguanas
  12 worker ants
  A hound zombie (D:7)
  A worker ant zombie (D:7)
  6 gnolls
  3 howler monkey skeletons
  14 adders
  4 shadow imps
  2 oozes (D:3)
  2 adder zombies
  3 worms
  2 dart slugs (D:1)
  5 leopard geckos
  50 orcs
  6 bats
  5 giant cockroaches
  4 goblins
  6 hobgoblins
  15 jackals
  7 quokkas
  A ball python (D:3)
  8 frilled lizards
  9 kobolds
  A leopard gecko skeleton (D:8)
  2 leopard gecko zombies
  A rat (D:3)
384 creatures vanquished.

Vanquished Creatures (collateral kills)
  2 gnolls
  An orc (D:3)
3 creatures vanquished.

Vanquished Creatures (others)
  An orc (D:8)
1 creature vanquished.

Grand Total: 388 creatures vanquished

Notes
Turn   | Place    | Note
-------+----------+-------------------------------------------
     0 | D:1      | Jesh the Spriggan Enchanter began the quest for the Orb.
     0 | D:1      | Reached XP level 1. HP: 9/9 MP: 5/5
   214 | D:1      | Reached XP level 2. HP: 9/13 MP: 5/7
   218 | D:1      | Learned a level 2 spell: Ensorcelled Hibernation
  1335 | D:2      | Reached XP level 3. HP: 14/16 MP: 9/9
  1340 | D:2      | Learned a level 3 spell: Confuse
  1344 | D:2      | Learned a level 3 spell: Tukima's Dance
  2182 | D:2      | Noticed Sigmund
  2225 | D:1      | You fall through a shaft!
  2298 | D:2      | Killed Sigmund
  2298 | D:2      | Reached skill level 5 in Spellcasting
  2298 | D:2      | Reached XP level 4. HP: 21/21 MP: 4/12
  2298 | D:2      | Reached XP level 5. HP: 24/24 MP: 4/13
  2544 | D:2      | Found a radiant altar of Vehumet.
  2549 | D:2      | Found a bloodstained altar of Trog.
  2549 | D:2      | Found a shadowy altar of Dithmenos.
  2555 | D:2      | Became a worshipper of Dithmenos the Shadowed
  2959 | D:3      | Reached skill level 5 in Stealth
  3148 | D:3      | Found a basalt altar of Yredelemnul.
  3479 | D:3      | Found a blossoming altar of Fedhas.
  3854 | D:4      | Reached XP level 6. HP: 28/28 MP: 15/15
  3866 | D:4      | Reached * piety under Dithmenos
  3910 | D:4      | Reached skill level 6 in Stealth
  3956 | D:4      | Found a staircase to the Ecumenical Temple.
  3963 | D:4      | Reached skill level 7 in Stealth
  4025 | D:3      | Learned a level 3 spell: Dazzling Spray
  4403 | D:4      | Found Geunian's Gadget Shoppe.
  4558 | Temple   | Entered the Ecumenical Temple
  4768 | D:5      | Entered Level 5 of the Dungeon
  4773 | D:5      | Reached skill level 8 in Stealth
  5091 | D:4      | Reached XP level 7. HP: 27/32 MP: 6/16
  5168 | D:4      | Reached skill level 9 in Stealth
  5670 | D:5      | Reached skill level 10 in Stealth
  5705 | D:5      | Noticed Pikel
  5715 | D:5      | Killed Pikel
  5715 | D:5      | Reached skill level 12 in Stealth
  5715 | D:5      | Reached XP level 8. HP: 3/36 MP: 13/17
  6075 | D:5      | Reached skill level 13 in Stealth
  6226 | D:5      | Found an opulent altar of Gozag.
  6528 | D:6      | Reached skill level 14 in Stealth
  6754 | D:6      | Found a deep blue altar of Sif Muna.
  6754 | D:6      | Found a glowing silver altar of Zin.
  6755 | D:6      | Found a snail-covered altar of Cheibriados.
  6987 | D:6      | Reached ** piety under Dithmenos
  7090 | D:6      | Reached skill level 15 in Stealth
  7124 | D:6      | Reached XP level 9. HP: 40/40 MP: 18/18
  7508 | D:7      | Found a sacrificial altar of Ru.
  7512 | D:7      | Found a shattered altar of Ashenzari.
  7512 | D:7      | Found a hide-covered altar of Uskayaw.
  7565 | D:7      | Found an opulent altar of Gozag.
  7595 | D:7      | Reached skill level 1 in Fighting
  8034 | D:7      | Reached *** piety under Dithmenos
  8684 | D:7      | Reached skill level 5 in Dodging
  8972 | D:7      | Found Ynno's Gadget Emporium.
  9492 | D:8      | Reached XP level 10. HP: 21/47 MP: 9/21
  9736 | D:8      | Reached **** piety under Dithmenos
  9747 | D:8      | Reached skill level 16 in Stealth
 10231 | D:8      | Noticed a two-headed ogre
 10238 | D:8      | Killed a two-headed ogre
 10318 | D:8      | Noticed Gastronok
 10611 | D:8      | Killed Gastronok
 10611 | D:8      | Reached skill level 5 in Short Blades
 10821 | D:9      | Found Zanukh's Assorted Antiques.
 10862 | D:9      | Found a staircase to the Lair.
 11035 | D:9      | Reached XP level 11. HP: 46/53 MP: 14/24
 11356 | D:9      | Bought a scroll labeled UREXOE COTEULEQ for 31 gold pieces
 11356 | D:9      | Bought a scroll of identify for 62 gold pieces
 11569 | D:9      | Found a staircase to the Orcish Mines.
 11663 | D:9      | Found Porr's Distillery.
 11671 | D:9      | Bought a potion of heal wounds for 65 gold pieces
 11671 | D:9      | Bought 2 potions of heal wounds for 130 gold pieces
 11671 | D:9      | Bought a potion of ambrosia for 104 gold pieces
 11671 | D:9      | Bought a potion of flight for 39 gold pieces
 11671 | D:9      | Bought a potion of curing for 39 gold pieces
 11801 | D:10     | Entered Level 10 of the Dungeon
 12042 | D:10     | Noticed an unseen horror
 12044 | D:10     | Killed an unseen horror
 12108 | D:10     | Reached ***** piety under Dithmenos
 13186 | D:11     | Noticed a two-headed ogre
 13193 | D:11     | Killed a two-headed ogre
 13193 | D:11     | Reached skill level 17 in Stealth
 13474 | D:11     | Noticed a two-headed ogre
 13479 | D:11     | Killed a two-headed ogre
 13479 | D:11     | Reached skill level 5 in Fighting
 13667 | D:11     | Noticed a white ugly thing
 13670 | D:11     | Killed a white ugly thing
 13825 | D:11     | Learned a level 5 spell: Summon Mana Viper
 13830 | D:11     | Found a stormy altar of Qazlal.
 13903 | D:12     | Noticed an orc sorcerer
 13905 | D:12     | Noticed an orc knight
 13926 | D:12     | Killed an orc knight
 13929 | D:12     | Killed an orc sorcerer
 13929 | D:12     | Reached XP level 12. HP: 31/60 MP: 5/26
 13932 | D:12     | Reached skill level 10 in Hexes
 14400 | D:12     | Reached skill level 10 in Dodging
 14400 | D:12     | Reached skill level 1 in Summonings
 15253 | D:12     | Reached skill level 10 in Spellcasting
 15293 | D:13     | Noticed a two-headed ogre
 15294 | D:13     | Noticed a two-headed ogre
 15316 | D:13     | Noticed an ogre mage
 15324 | D:12     | Reached ****** piety under Dithmenos
 15378 | D:12     | Killed a two-headed ogre
 15573 | D:13     | Found a gate to the Vaults.
 15578 | D:13     | Killed an ogre mage
 15614 | D:13     | Killed a two-headed ogre
 15817 | D:13     | Noticed Erolcha
 15838 | D:13     | Killed Erolcha
 15865 | D:13     | Noticed a catoblepas
 15870 | D:13     | Killed a catoblepas
 15984 | D:13     | Noticed a tengu warrior
 16017 | D:13     | Reached skill level 18 in Stealth
 16027 | D:13     | Killed a tengu warrior
 16181 | D:13     | Identified a scroll of acquirement
 16184 | D:13     | Got a translucent short sword
 16185 | D:13     | Identified the +11 short sword of True Grit {chaos, *Slow
                  | rN+ SInv} (You acquired it on level 13 of the Dungeon)
 16926 | D:14     | Found Santiyxo's Jewellery Shoppe.
 16934 | D:14     | Found Kurib's Book Shoppe.
 16979 | D:14     | Noticed a centaur warrior
 16980 | D:14     | Found Pofid's Antique Armour Boutique.
 16985 | D:14     | Reached XP level 13. HP: 65/65 MP: 28/28
 17030 | D:14     | Noticed Kirke
 17052 | D:14     | Killed Kirke
 17060 | D:14     | Mangled by a five-headed hydra

Vault maps used:
D:1:      lightli_arrival_statue_moat
D:2:      minitemple, uniq_sigmund
D:3:      yredelemnul_altar_generic, lemuel_doored_altar,
          hangedman_decor_clover_reticule, minmay_randomly_rotated_circles
D:4:      minmay_temple_entry_grid, serial_shops, kennysheep_little_box,
          first_ration
D:5:      nicolae_gozag_cash_rules_everything_around_me, uniq_pikel
D:6:      nicolae_overflow_hidden_temple, st_stairs_9, due_unseen_surprise
D:7:      grunt_temple_overflow_open, serial_shops, kennysheep_mini
D:8:      david_nohive_1, uniq_gastronok
D:9:      lair_entry_dummy, orc_0_dummy, serial_shops, shop,
          nicolae_shop_waterfront
D:11:     nicolae_qazlal_eye_of_the_storm
D:13:     david_vaults_2, minmay_variable_closet, uniq_erolcha
D:14:     nicolae_trove_entry_crossroad, kennysheep_boxes, serial_shops,
          nicolae_shop_behind_doors, shop, nicolae_shop_crystal,
          nicolae_shop_statue_plus, shop_fountains, st_stairs_1,
          lemuel_hellish_altar, uniq_kirke
Temple:   dpeg_chambers_temple

Skill      XL: |  1  2  3  4  5  6  7  8  9 10 11 12 13 |
---------------+----------------------------------------+-----
Spellcasting   | 3 5 7 8 9 10 | 10.7
Hexes          | 4 6 7 8 9 10 11 | 11.0
Stealth        | 5 8 12 15 16 17 18 | 18.2
Fighting       | 2 4 5 6 |  6.3
Short Blades   | 3 5 7 8 |  8.8
Dodging        | 5 7 9 11 | 11.4
Summonings     | 3 |  3.5

Action                   |  1- 3 |  4- 6 |  7- 9 | 10-12 | 13-15 || total
-------------------------+-------+-------+-------+-------+-------++-------
Melee: Dagger            |    98 |   127 |   296 |   316 |       ||   837
       Rapier            |       |       |       |   146 |       ||   146
       Short sword       |       |       |       |    42 |    26 ||    68
 Cast: Corona            |     3 |       |       |       |       ||     3
       Ensorcelled Hiber |    24 |    47 |    58 |    75 |     5 ||   209
       Confuse           |     1 |       |    14 |    49 |       ||    64
       Tukima's Dance    |       |     1 |     1 |     6 |       ||     8
       Dazzling Spray    |       |     1 |     7 |    19 |     7 ||    34
Invok: Shadow Step       |       |       |       |     1 |       ||     1
Evoke: Wand              |       |       |       |    17 |       ||    17
  Use: Scroll            |     4 |     7 |     8 |     9 |       ||    28
       Potion            |       |       |     4 |     7 |     3 ||    14
 Stab: Sleeping          |    19 |    30 |    63 |   113 |     2 ||   227
       Confused          |     1 |       |    10 |    32 |       ||    43
       Distracted        |       |     1 |       |     3 |       ||     4
       Invisible         |       |       |     3 |     8 |     2 ||    13
       Paralysed         |       |       |       |     1 |       ||     1
  Eat: Ration            |       |     2 |     3 |     4 |       ||     9
Armor: Robe              |     5 |    11 |    30 |    27 |     5 ||    78
Dodge: Dodged            |    81 |   129 |   244 |   446 |    97 ||   997

Table legend:
 A = Non-vault XP
 B = Vault XP
 C = Vault XP percentage of total XP
 D = Non-vault monster count
 E = Vault monster count
 F = Vault count percentage of total count
                 A         B        C        D         E       F
            +---------+---------+-------+---------+---------+-------
      Total |   31162 |    9858 |  24.0 |     357 |      30 |   7.8
            +---------+---------+-------+---------+---------+-------
        D:1 |      25 |       0 |   0.0 |      12 |       0 |   0.0
        D:2 |      58 |     227 |  79.6 |      17 |       1 |   5.6
        D:3 |      41 |      10 |  19.6 |      15 |       6 |  28.6
        D:4 |     342 |       0 |   0.0 |      21 |       0 |   0.0
        D:5 |     651 |     629 |  49.1 |      14 |       1 |   6.7
        D:6 |     921 |      11 |   1.2 |      24 |       1 |   4.0
        D:7 |    1751 |       0 |   0.0 |      41 |       0 |   0.0
        D:8 |    2479 |    3328 |  57.3 |      27 |      14 |  34.1
        D:9 |    1889 |       0 |   0.0 |      30 |       0 |   0.0
       D:10 |    3070 |       0 |   0.0 |      36 |       0 |   0.0
       D:11 |    5284 |       0 |   0.0 |      37 |       0 |   0.0
       D:12 |    7485 |     943 |  11.2 |      44 |       1 |   2.2
       D:13 |    4681 |    2737 |  36.9 |      28 |       3 |   9.7
       D:14 |    2485 |    1973 |  44.3 |      11 |       3 |  21.4
            +---------+---------+-------+---------+---------+-------
